 Dungeon Crawl Stone Soup version 0.23.2-40-g277498a001 (webtiles) character file.

Game seed: 15277308520591942988

31 FishyPogo the Skirmisher (level 3, -1/33 HPs)
             Began as a Hill Orc Chaos Knight on Sept 21, 2019.
             Was a Plaything of Xom.
             Slain by an adder (2 damage)
             ... on level 1 of the Dungeon.
             The game lasted 00:02:35 (838 turns).

FishyPogo the Skirmisher (Hill Orc Chaos Knight)     Turns: 838, Time: 00:02:35

Health: -1/33      AC:  5    Str: 12 (14) XL:     3   Next: 22%
Magic:  3/3        EV: 11    Int: 11 (12) God:    Xom [..*...]
Gold:   116        SH:  0    Dex: 12 (13) Spells: 2/2 levels left

rFire    . . .     SeeInvis .   a - +0 falchion (chaos)
rCold    . . .     Gourm    .   (no shield)
rNeg     . . .     Faith    .   b - +2 leather armour
rPois    .         Spirit   .   (no helmet)
rElec    .         Reflect  .   n - scarf {repulsion}
rCorr    .         Harm     .   (no gloves)
MR       .....                  (no boots)
Stlth    +.........             (no amulet)
HPRegen  0.11/turn              e - +2 ring of dexterity
MPRegen  0.08/turn              (no ring)

@: lethally poisoned (-1 -> -10), hasted, repel missiles, very quick
A: no striking features
a: Renounce Religion


You were on level 1 of the Dungeon.
You worshipped Xom.
You were a toy of Xom.
You were not hungry.

You visited 1 branch of the dungeon, and saw 2 of its levels.

You collected 116 gold pieces.

Inventory:

Hand Weapons
 a - a +0 falchion of chaos (weapon)
Missiles
 d - 59 stones (quivered)
 i - 3 tomahawks
Armour
 b - a +2 leather armour (worn)
 n - a scarf of repulsion (worn)
Jewellery
 e - a +2 ring of dexterity (left hand)
Scrolls
 g - 2 scrolls of identify {unknown}
 h - a scroll of fog {unknown}
 j - 2 scrolls of remove curse {unknown}
 l - a scroll of enchant armour {unknown}
 m - a scroll of magic mapping {unknown}
 o - a scroll of teleportation {unknown}
Potions
 k - a potion of degeneration
Comestibles
 c - 6 rations
 p - 8 chunks of flesh


   Skills:
 * Level 4.1 Fighting
 + Level 3.5 Long Blades
 * Level 3.0 Armour
 + Level 1.1 Dodging


You had 2 spell levels left.
You didn't know any spells.
Your spell library was empty.

Dungeon Overview and Level Annotations

Branches:
Dungeon (2/15)

Altars:


Message History

You barely miss the adder.
The adder is severely wounded.
The adder bites you.
* * * LOW HITPOINT WARNING * * *
Okay, then.
You barely miss the adder.
The adder is severely wounded.
You feel sick. The adder closely misses you. The adder bites you.
* * * LOW HITPOINT WARNING * * *
You are more poisoned.
The adder poisons you!
It was a potion of haste.
You feel yourself speed up.
Xom thinks this is hilarious!
* * * LOW HITPOINT WARNING * * *
You feel sick. The adder closely misses you.
It was a potion of degeneration.
There was something very wrong with that liquid.
You feel weakened.
You feel dopey.
You feel clumsy. The adder bites you.
You die...

..............##.........+.......
...###.######.##.########..####.#
..........# #.##.# #..#.#...
....##....# #..#.# ##.##....
....##....# ##.#.# #.#.....
....##.(..# #...# ##.......
....##....#####..########..#.....
....##....##....[..........##..(.
...........#....@S......##.#[#...
...#######.#............##.####.#
...........#..).........##.......
...........#............###......
...........#............# #......
...........#............# #......
...........#............# #......
...........#............# #......
...........#............# #......


You could see an adder.

Vanquished Creatures
  An adder (D:2)
  A leopard gecko (D:1)
  A ball python (D:1)
  A bat (D:1)
  2 giant cockroaches
  4 goblins
  4 hobgoblins (D:1)
  2 frilled lizards
  A kobold (D:1)
  A rat (D:1)
18 creatures vanquished.

Notes
Turn   | Place    | Note
-------+----------+-------------------------------------------
     0 | D:1      | FishyPogo the Hill Orc Chaos Knight began the quest for the
                  | Orb.
     0 | D:1      | Reached XP level 1. HP: 19/19 MP: 1/1
    52 | D:1      | Reached XP level 2. HP: 27/27 MP: 2/2
   256 | D:1      | Reached skill level 1 in Dodging
   412 | D:1      | XOM: silly message
   615 | D:1      | XOM: harmless Chrm miscast
   631 | D:1      | XOM: harmless Fire miscast
   684 | D:2      | Reached skill level 4 in Fighting
   772 | D:2      | Reached XP level 3. HP: 14/33 MP: 3/3
   837 | D:1      | HP: 1/33 [poisoned by an adder]
   838 | D:1      | Slain by an adder

Skill      XL: |  1  2 |
---------------+-------+-----
Dodging        | 1 |  1.1
Fighting       | 4 |  4.1
Armour         | 3 |  3.0
Long Blades    | |  3.5

Action                   || total
-------------------------++-------
Melee: Falchion          ||    55
Throw: Stone             ||     1
  Use: Potion            ||     2
Armor: Leather armour    ||    26
Dodge: Dodged            ||    32
       Rpst.: Falchion   ||    10
